 Dungeon Crawl Stone Soup version 0.23.2-33-g5129a83184 (webtiles) character file.

Game seed: 5511194192817230820

12721 mikogus the Slicer (level 11, -1/83 HPs)
             Began as a Merfolk Skald on July 15, 2019.
             Was an Elder of Okawaru.
             Slain by a two-headed ogre
             ... wielding a +1 dire flail of crushing
              (20 damage)
             ... on level 13 of the Dungeon on July 17, 2019.
             The game lasted 02:31:06 (25140 turns).

mikogus the Slicer (Merfolk Skald)                 Turns: 25140, Time: 02:31:06

Health: -1/83      AC: 11    Str: 14    XL:     11   Next: 97%
Magic:  14/21      EV: 16    Int: 13    God:    Okawaru [****..]
Gold:   272        SH:  8    Dex: 17    Spells: 9/23 levels left

rFire    . . .     SeeInvis .   K - +1 rapier (speed)
rCold    . . .     Gourm    .   w - +2 buckler
rNeg     . . .     Faith    .   Z - +0 swamp dragon scales
rPois    +         Spirit   .   e - +0 helmet
rElec    .         Reflect  .   (no cloak)
rCorr    .         Harm     .   I - +0 pair of gloves
MR       .....                  H - +0 pair of boots
Stlth    ++........             (no amulet)
HPRegen  1.23/turn              B - +3 ring of dexterity
MPRegen  0.17/turn              (no ring)

@: very slightly contaminated, regenerating (expiring), hasted, very quick
A: change form in water, swift swim, stealthy swim
a: Heroism, Renounce Religion


You were on level 13 of the Dungeon.
You worshipped Okawaru.
Okawaru was greatly pleased with you.
You were not hungry.

You visited 3 branches of the dungeon, and saw 15 of its levels.
You visited the Abyss 1 time.

You collected 672 gold pieces.
You spent 400 gold pieces at shops.

Inventory:

Hand Weapons
 c - a +2 antimagic halberd
 i - a +2 short sword of speed
 A - a +2 dagger of venom
 K - a +1 rapier of speed (weapon)
 M - a +0 hand crossbow
 N - a +2 short sword of speed
 P - a +2 halberd
 Q - a +2 dagger of draining
 S - a +2 long sword of slicing
 T - the +3 mace of Bodily Harmony {crush, Dex+3}
   (You found it on level 9 of the Dungeon)

   It inflicts extra damage upon your enemies.
   It affects your dexterity (+3).
Missiles
 a - 3 silver tomahawks
 l - 155 bolts
 n - 8 needles of confusion
 p - 14 tomahawks (quivered)
 U - 4 exploding tomahawks
 W - 3 tomahawks of returning
Armour
 b - a +1 leather armour
 e - a +0 helmet (worn)
 s - a +0 shield
 w - a +2 buckler (worn)
 H - a +0 pair of boots (worn)
 I - a +0 pair of gloves (worn)
 Z - +0 swamp dragon scales (worn)
Jewellery
 u - an uncursed amulet of guardian spirit
 y - an uncursed ring of fire
 B - a +3 ring of dexterity (left hand)
 R - an uncursed ring of poison resistance
Wands
 t - a wand of polymorph (17)
 D - a wand of random effects (32)
 O - a wand of acid (23)
 V - a wand of flame (40)
 X - a wand of enslavement (2)
Scrolls
 f - 3 scrolls of random uselessness
 g - 4 scrolls of noise
 o - 4 scrolls of immolation
 r - 2 scrolls of amnesia
 v - 2 scrolls of remove curse
 E - a scroll of magic mapping
 L - 2 scrolls of fog
Potions
 k - 2 potions of degeneration
 x - 2 potions of flight
 z - 2 potions of brilliance
 G - a potion of magic
 Y - a potion of mutation
Miscellaneous
 q - a lightning rod (1/4)
Comestibles
 d - 7 rations


   Skills:
 + Level 6.8 Fighting
 + Level 10.7 Short Blades
 + Level 3.6 Polearms
 + Level 1.0 Throwing
 + Level 3.9 Armour
 + Level 8.2 Dodging
 + Level 3.7 Stealth
 + Level 5.0 Shields
 + Level 6.9 Spellcasting
 + Level 0.2 Conjurations
 + Level 0.5 Hexes
 + Level 8.5 Charms
 + Level 1.4 Necromancy
 + Level 3.6 Translocations
 + Level 0.6 Air Magic
 + Level 0.8 Poison Magic
 + Level 0.1 Evocations


You had 9 spell levels left.
You knew the following spells:

 Your Spells              Type           Power        Failure   Level  Hunger
a - Infusion              Chrm           ####         1%          1    None
b - Shroud of Golubria    Chrm/Tloc      ###.......   3%          2    #......
c - Song of Slaying       Chrm           ####....     1%          2    #......
d - Spectral Weapon       Hex/Chrm       ###.....     14%         3    ###....
e - Regeneration          Chrm/Necr      ###.......   12%         3    ###....
f - Mephitic Cloud        Conj/Pois/Air  #.......     56%         3    ###....

Your spell library contained the following spells:

 Spells                   Type           Power        Failure   Level  Hunger
 Sting                    Conj/Pois      #...         24%         1    None
 Poisonous Vapours        Pois/Air       #.....       32%         2    #......
 Olgreb's Toxic Radiance  Pois           #.......     90%         4    ####...
 Venom Bolt               Conj/Pois      #.........   100%        5    ######.


Dungeon Overview and Level Annotations

Branches:
Dungeon (13/15)            Temple (1/1) D:7            Lair (0/6) D:10
    Orc (1/2) D:9
 Vaults: D:13-14

Altars:
Ashenzari
Dithmenos
Elyvilon
Fedhas
Gozag
Hepliaklqana
Makhleb
Okawaru
Qazlal
Ru
Trog
Uskayaw
Wu Jian
Xom
Zin

Shops:
D:5 :   D:11 %

Annotations:
D:9 Erolcha
D:11 exclusions: obsidian statue and orange crystal statue


Message History

The two-headed ogre hits you with a +1 dire flail of crushing!
* * * LOW HITPOINT WARNING * * *
Your shroud falls apart!
* * * LOW HITPOINT WARNING * * *
The two-headed ogre closely misses you.
You hear some strange, mumbled words.
Your larval stingfire beast resists with significant effort.
Casting: Mephitic Cloud (quite dangerous; 56% risk of failure)
Confirm with . or Enter, or press ? or * to list all spells.
Space distorts slightly along a thin shroud covering your body.
You carefully extract the barbed spikes from your body.
The two-headed ogre closely misses you.
Your shroud bends the two-headed ogre's attack away.
An ogre comes into view. It is wielding a +0 giant club.
Okay, then.
You feel yourself speed up.
Your skin is crawling a little less now.
You block the two-headed ogre's attack.
The two-headed ogre hits you with a +0 giant club!!
You die...

## ##+###########
....
#......@O☼○..##...o.
+.......°○○o..O.....
#.....{..○...##.....
#....H:......# ....
#............# ##
##+###########


You could see a two-headed ogre, an ogre, an orc and a friendly larval stingfire
beast (confused).

Vanquished Creatures
  Josephine (D:9)
  2 two-headed ogres
  An ugly thing (D:11)
  A manticore (D:13)
  A troll (D:10)
  2 hippogriffs
  A shadow (D:10)
  A wyvern (D:8)
  5 wraiths
  7 yaks
  A spriggan (D:10)
  2 hungry ghosts
  2 wargs (D:8)
  An acid dragon (D:11)
  7 orc warriors
  3 porcupines
  5 sky beasts
  2 ice beasts
  4 black bears
  5 ogres
  A phantom (D:6)
  A centaur (D:9)
  A crocodile (D:10)
  A big kobold (D:7)
  8 bullfrogs
  A wyvern zombie (D:6)
  3 scorpions
  19 killer bees
  3 jellies
  4 wights (D:9)
  A howler monkey (D:5)
  5 crimson imps
  A centaur zombie (D:11)
  A quasit (D:10)
  4 centaur skeletons
  4 hounds
  7 orc priests
  Jessica (D:3)
  3 bullfrog skeletons
  2 iguanas
  14 orc wizards
  7 worker ants
  2 hound zombies (D:6)
  A worker ant zombie (D:11)
  2 howler monkey skeletons (D:7)
  13 adders
  3 gnolls
  An ooze (D:3)
  5 dart slugs
  5 leopard geckos
  62 orcs
  9 bats
  6 giant cockroaches
  4 goblins
  3 hobgoblins
  3 jackals (D:4)
  12 kobolds
  5 quokkas
  A ball python (D:1)
  3 frilled lizards
  A leopard gecko zombie (D:5)
  A quokka skeleton (D:4)
  6 rats
294 creatures vanquished.

Vanquished Creatures (collateral kills)
  A vampire mosquito (D:13)
  A killer bee (D:9)
  An orc priest (D:9)
3 creatures vanquished.

Vanquished Creatures (others)
  A vampire mosquito (D:13)
  10 fungi (D:10)
  5 plants (D:10)
  6 spectral weapons
22 creatures vanquished.

Grand Total: 319 creatures vanquished

Notes
Turn   | Place    | Note
-------+----------+-------------------------------------------
     0 | D:1      | mikogus the Merfolk Skald began the quest for the Orb.
     0 | D:1      | Reached XP level 1. HP: 16/16 MP: 3/3
   243 | D:1      | Reached XP level 2. HP: 23/23 MP: 5/5
   882 | D:1      | Learned a level 2 spell: Shroud of Golubria
   885 | D:1      | Learned a level 2 spell: Song of Slaying
   901 | D:2      | Reached XP level 3. HP: 17/28 MP: 6/6
  1363 | D:2      | Reached skill level 1 in Armour
  1442 | D:2      | Found a bloodstained altar of Trog.
  1457 | D:2      | Reached skill level 1 in Short Blades
  1535 | D:2      | Reached XP level 4. HP: 29/34 MP: 7/7
  2548 | D:3      | Noticed an ogre
  2643 | D:3      | Reached XP level 5. HP: 40/40 MP: 5/8
  2690 | D:3      | Found a shadowy altar of Dithmenos.
  2715 | D:3      | Noticed Jessica
  2760 | D:3      | Killed Jessica
  2843 | D:3      | Learned a level 3 spell: Spectral Weapon
  3139 | D:4      | Reached skill level 2 in Short Blades
  3342 | D:4      | Reached XP level 6. HP: 43/47 MP: 4/9
  3469 | D:3      | Found a hide-covered altar of Uskayaw.
  4249 | D:2      | Reached skill level 1 in Stealth
  4249 | D:2      | Reached skill level 1 in Translocations
  4331 | D:3      | Reached skill level 3 in Short Blades
  4621 | D:4      | Reached XP level 7. HP: 35/52 MP: 11/11
  4776 | D:4      | Reached skill level 4 in Short Blades
  6028 | D:5      | Entered Level 5 of the Dungeon
  6089 | D:5      | Reached skill level 5 in Short Blades
  6836 | D:5      | Reached skill level 5 in Charms
  6851 | D:5      | Found Pioc Vas's Book Emporium.
  6865 | D:5      | Learned a level 3 spell: Regeneration
  7050 | D:5      | Reached skill level 1 in Shields
  7050 | D:5      | Reached XP level 8. HP: 53/60 MP: 4/13
  7224 | D:5      | Found a bloodstained altar of Trog.
  7224 | D:5      | Found a hazy altar of Hepliaklqana.
  8135 | D:6      | Found a glowing silver altar of Zin.
  8149 | D:6      | Reached skill level 6 in Short Blades
  9113 | D:6      | Reached XP level 9. HP: 60/66 MP: 8/15
 10098 | D:5      | Reached skill level 5 in Dodging
 10601 | D:7      | Reached skill level 7 in Short Blades
 10731 | D:7      | Found a blossoming altar of Fedhas.
 10766 | D:7      | Reached skill level 5 in Fighting
 11143 | D:7      | Found a staircase to the Ecumenical Temple.
 11413 | Temple   | Entered the Ecumenical Temple
 11432 | Temple   | Became a worshipper of Warmaster Okawaru
 11985 | D:8      | Found a shattered altar of Ashenzari.
 12740 | D:8      | Reached skill level 1 in Throwing
 13126 | D:8      | Reached skill level 8 in Short Blades
 13126 | D:8      | Reached skill level 5 in Spellcasting
 13126 | D:8      | Reached XP level 10. HP: 49/74 MP: 6/17
 13239 | D:9      | Noticed a two-headed ogre
 13261 | D:8      | Reached * piety under Okawaru
 14296 | D:8      | Killed a two-headed ogre
 14573 | D:8      | Reached ** piety under Okawaru
 15339 | D:8      | HP: 1/76 [killer bee (9)]
 15764 | D:5      | Bought a Young Poisoner's Handbook for 400 gold pieces
 15768 | D:5      | Learned a level 3 spell: Mephitic Cloud
 16086 | D:9      | Got a bloodstained mace
 16109 | D:9      | Reached skill level 1 in Necromancy
 16391 | D:9      | Found a staircase to the Orcish Mines.
 16519 | D:9      | Reached skill level 9 in Short Blades
 16681 | D:10     | Entered Level 10 of the Dungeon
 17677 | D:10     | Found a staircase to the Lair.
 18114 | D:9      | Reached XP level 11. HP: 20/81 MP: 0/20
 19033 | D:9      | Reached *** piety under Okawaru
 19037 | D:9      | Identified the +3 mace of Bodily Harmony {crush, Dex+3}
                  | (You found it on level 9 of the Dungeon)
 19246 | D:10     | Noticed a two-headed ogre
 19258 | D:10     | Killed a two-headed ogre
 20103 | Orc:1    | Entered Level 1 of the Orcish Mines
 20103 | Orc:1    | Noticed Josephine
 20103 | Orc:1    | Noticed an orc knight
 21308 | D:10     | Reached **** piety under Okawaru
 21488 | D:11     | Reached skill level 10 in Short Blades
 21680 | D:11     | Noticed a cyan ugly thing
 21704 | D:11     | Killed a cyan ugly thing
 21813 | D:11     | Noticed an obsidian statue
 21813 | D:11     | Noticed an orange crystal statue
 22074 | D:9      | Killed Josephine
 22415 | D:9      | Received a gift from Okawaru
 22616 | Orc:1    | Noticed Erolcha
 22647 | D:9      | Cast into level 2 of the Abyss (Erolcha)
 22788 | D:9      | Escaped the Abyss
 23530 | D:11     | Found Ticzess's Food Shop.
 23862 | D:11     | Noticed a death knight
 24444 | Orc:1    | Noticed an orc high priest
 24972 | D:12     | Noticed a manticore
 25106 | D:12     | Noticed a cyclops
 25109 | D:13     | Noticed a manticore
 25113 | D:13     | Noticed a two-headed ogre
 25136 | D:13     | Killed a manticore
 25136 | D:13     | Received a gift from Okawaru
 25136 | D:13     | Reached skill level 5 in Shields
 25140 | D:13     | Slain by a two-headed ogre

Skill      XL: |  1  2  3  4  5  6  7  8  9 10 11 |
---------------+----------------------------------+-----
Armour         | 1 2 3 |  3.9
Short Blades   | 1 2 3 5 6 8 9 10 | 10.7
Dodging        | 3 4 6 8 |  8.2
Fighting       | 3 4 5 6 |  6.8
Charms         | 4 5 6 7 8 |  8.5
Stealth        | 1 2 3 |  3.7
Translocations | 1 2 3 |  3.6
Spellcasting   | 3 4 5 6 |  6.9
Shields        | 1 2 3 5 |  5.0
Throwing       | 1 |  1.0
Necromancy     | 1 |  1.4
Polearms       | |  3.6
Conjurations   | |  0.2
Hexes          | |  0.5
Air Magic      | |  0.6
Poison Magic   | |  0.8
Evocations     | |  0.1

Action                   |  1- 3 |  4- 6 |  7- 9 | 10-12 || total
-------------------------+-------+-------+-------+-------++-------
Melee: Spear             |    30 |       |       |       ||    30
       Short sword       |    82 |   208 |   573 |   158 ||  1021
       Rapier            |       |       |       |   728 ||   728
       Long sword        |       |       |       |    13 ||    13
Throw: Tomahawk          |       |     4 |    10 |     3 ||    17
 Cast: Shroud of Golubri |       |    16 |    55 |    97 ||   168
       Infusion          |       |    10 |    39 |    48 ||    97
       Spectral Weapon   |       |     2 |     1 |     6 ||     9
       Song of Slaying   |       |       |     2 |     4 ||     6
       Regeneration      |       |       |     3 |    14 ||    17
       Mephitic Cloud    |       |       |       |     6 ||     6
Invok: Heroism           |       |       |       |     1 ||     1
Evoke: Wand              |       |       |     2 |       ||     2
       Box of beasts     |       |       |       |     2 ||     2
       Lightning rod     |       |       |       |     3 ||     3
       Phantom mirror    |       |       |       |     1 ||     1
  Use: Potion            |     2 |     1 |     1 |     8 ||    12
       Scroll            |       |     9 |     6 |    11 ||    26
 Stab: Sleeping          |     2 |       |     6 |     1 ||     9
       Confused          |       |       |       |     2 ||     2
  Eat: Chunk             |     2 |     8 |    14 |    11 ||    35
       Ration            |       |     1 |     5 |    10 ||    16
Armor: Leather armour    |    28 |    42 |    87 |    65 ||   222
       Swamp dragon scal |       |       |       |    94 ||    94
Dodge: Dodged            |    56 |    87 |   290 |   606 ||  1039
Block: Buckler           |       |     3 |   146 |   304 ||   453
       Rpst.: Long sword |       |       |       |     1 ||     1
